 Dungeon Crawl Stone Soup version 0.30.1-11-g7821555f0a (webtiles) character file.

Game seed: 11806450274985702202

14996 Peloso the Carver (level 11, -2/103 HPs)
             Began as a Minotaur Fighter on Dec 5, 2023.
             Was the Champion of Okawaru.
             Slain by an elephant (10 damage)
             ... on level 1 of the Lair of Beasts.
             The game lasted 00:22:29 (12340 turns).

Peloso the Carver (Minotaur Fighter)               Turns: 12340, Time: 00:22:29

Health: -2/103     AC: 17    Str: 23    XL:     11   Next: 96%
Magic:  10/10      EV: 10    Int:  5    God:    Okawaru [******]
Gold:   632        SH:  6    Dex: 14    Spells: 10/10 levels left

rFire   + . .        a - +0 long sword
rCold   . . .        d - +0 buckler
rNeg    . . .        c - +0 chain mail
rPois   .            (helmet restricted)
rElec   .            (no cloak)
rCorr   .            n - +1 pair of gloves
SInv    .            y - +1 pair of boots
Will    +....        h - amulet of Eternal Harmony {Faith Rampage rF+ Will+ Str+2} Stlth
                     (no ring)
HPRegen 0.37/turn    (no ring)
MPRegen 0.12/turn

%: rampage, faith
@: no status effects
A: horns 2, retaliatory headbutt
a: Renounce Religion, Heroism, Finesse, Duel


You were on level 1 of the Lair of Beasts.
You worshipped Okawaru.
Okawaru was exalted by your worship.
You visited 3 branches of the dungeon, and saw 13 of its levels.
You also visited: Ossuary.

You collected 1090 gold pieces.
You spent 458 gold pieces at shops.

Inventory:

Hand Weapons
 a - a +0 long sword (weapon)
 b - a +1 dagger of flaming
Armour
 c - a +0 chain mail (worn)
 d - a +0 buckler (worn)
 n - a +1 pair of gloves (worn)
 y - a +1 pair of boots (worn)
Jewellery
 h - the amulet of Eternal Harmony (around neck) {Faith Rampage rF+ Will+ Str+2}
   (You acquired it in an ossuary)

   [amulet of faith]

   It allows you to gain divine favour quickly.
   Str:       It affects your strength (+2).
   rF:        It protects you from fire.
   Rampage:   It bestows one free step when moving towards enemies.
   Will:      It increases your willpower.
 i - an amulet of regeneration
 m - a ring of fire
 t - a ring of see invisible
 z - a +6 ring of strength
 F - a ring of positive energy
Wands
 J - a wand of quicksilver (2)
Scrolls
 f - 7 scrolls of teleportation
 g - 2 scrolls of identify
 j - 3 scrolls of enchant armour
 q - a scroll of silence
 s - 2 scrolls of fear
 w - 2 scrolls of amnesia
 x - 2 scrolls of immolation
 D - 2 scrolls of poison {unknown}
 E - 2 scrolls of magic mapping {unknown}
 H - a scroll of torment {unknown}
 I - 2 scrolls of enchant weapon
 K - a scroll of fog
Potions
 e - 2 potions of lignification
 k - 2 potions of resistance
 l - 3 potions of flight
 o - 5 potions of heal wounds
 r - 2 potions of might
 u - 3 potions of haste
 v - a potion of magic
 B - 8 potions of ambrosia
 C - a potion of cancellation
 G - a potion of berserk rage
 L - a potion of brilliance
Miscellaneous
 A - a phial of floods


   Skills:
 + Level 11.6 Fighting
 + Level 14.0 Long Blades
 + Level 12.0 Armour
 + Level 4.8 Dodging
 + Level 0.8 Stealth
 + Level 8.6 Shields
 + Level 1.1 Invocations
 + Level 1.3 Evocations


You had 10 spell levels left.
You didn't know any spells.
Your spell library contained the following spells:

 Spells                   Type           Power      Damage    Failure   Level
 Apportation              Tloc           0%         N/A       95%         1
 Freeze                   Ice            0%         1d3       95%         1
 Magic Dart               Conj           0%         1d3       95%         1
 Necrotise                Necr           0%         1d4       95%         1
 Slow                     Hex            0%         N/A       95%         1
 Sting                    Tmut/Pois      0%         1d3       95%         1
 Poisonous Vapours        Pois/Air       0%         N/A       98%         2
 Static Discharge         Conj/Air       0%         2-2/arc   98%         2
 Sublimation of Blood     Necr           0%         N/A       98%         2
 Confusing Touch          Hex            0%         N/A       100%        3
 Dazzling Flash           Conj/Hex       0%         N/A       100%        3
 Frozen Ramparts          Ice            0%         1d1       100%        3
 Hailstorm                Conj/Ice       0%         3d3       100%        3
 Inner Flame              Hex/Fire       0%         N/A       100%        3
 Mephitic Cloud           Conj/Pois/Air  0%         N/A       100%        3
 Vampiric Draining        Necr           0%         2d6       100%        3
 Vhi's Electric Charge    Tloc/Air       0%         N/A       100%        3
 Airstrike                Air            0%         2d(0-16)  100%        4
 Flame Wave               Conj/Fire      0%         2d4       100%        4
 Olgreb's Toxic Radiance  Pois           0%         N/A       100%        4
 Passage of Golubria      Tloc           0%         N/A       100%        4
 Petrify                  Tmut/Erth      0%         N/A       100%        4
 Sticky Flame             Conj/Fire      0%         2d3       100%        4
 Agony                    Necr           0%         N/A       100%        5
 Arcjolt                  Conj/Air       0%         1d10      100%        5
 Irradiate                Conj/Tmut      0%         3d11      100%        5
 Silence                  Hex/Air        0%         N/A       100%        5
 Yara's Violent Unravell  Hex/Tmut       0%         3d3       100%        5
 Orb of Destruction       Conj           0%         9d5       100%        7
 Maxwell's Capacitive Co  Air            0%         ∞         100%        8
 Summon Small Mammal      Summ           Unusable   N/A       N/A         1
 Call Imp                 Summ           Unusable   N/A       N/A         2
 Summon Guardian Golem    Hex/Summ       Unusable   N/A       N/A         3
 Tukima's Dance           Hex            Unusable   N/A       N/A         3
 Summon Lightning Spire   Summ/Air       Unusable   N/A       N/A         4
 Spellforged Servitor     Conj/Summ      Unusable   N/A       N/A         7

Dungeon Overview and Level Annotations

Branches:
Dungeon (11/15)            Temple (1/1) D:4            Lair (1/5) D:10
Ossuary (visited)
    Orc: D:9-12

Altars:
Cheibriados
Hepliaklqana
Kikubaaqudgha
Makhleb
Nemelex Xobeh
Okawaru
Sif Muna
Uskayaw
Vehumet
Wu Jian
Yredelemnul
The Shining One

Shops:
D:1 *?=   D:3 [

Portals:
Trove: D:10 (give 15 scrolls of teleportation)

Annotations:
D:9 exclusion: obsidian statue


Innate Abilities, Weirdness & Mutations

You have a pair of horns on your head.
You reflexively headbutt those who attack you in melee.


Message History

The elephant tramples you but does no damage.
The elephant trunk-slaps you but does no damage.
The elephant tramples you but does no damage.
The elephant trunk-slaps you but does no damage.
You hit the elephant.
The elephant is severely wounded.
The elephant tramples you but does no damage.
You block the elephant's attack. The elephant tramples you.
You hold your ground!
The elephant trunk-slaps you.
You hit the elephant but do no damage.
You headbutt the elephant, but do no damage.
The elephant is severely wounded.
You hit the elephant.
You headbutt the elephant, but do no damage.
The elephant is severely wounded.
The elephant tramples you but does no damage.
The elephant trunk-slaps you but does no damage.
The elephant completely misses you.
The elephant trunk-slaps you but does no damage.
You slash the elephant!
The elephant is almost dead.
The elephant completely misses you. x2; You block the elephant's attack.
The elephant trunk-slaps you but does no damage.
You hit the elephant but do no damage.
The elephant is severely wounded.
You barely miss the elephant.
You headbutt the elephant, but do no damage.
The elephant is severely wounded.
The elephant tramples you!
* * * LOW HITPOINT WARNING * * *
You hold your ground!
You block the elephant's attack. The elephant tramples you!
* * * LOW HITPOINT WARNING * * *
You stumble backwards!
You slash the elephant!
The elephant is almost dead.
The elephant tramples you!
* * * LOW HITPOINT WARNING * * *
You stumble backwards!
The elephant tramples you!
You die...

#<....Y.........##
#†#'P#####......##
#.#...............
#.#.......#.......
#.#.......#.....##
#†#.......#.....##
##.#.......#......#
#YY#..............#
##@#.......+.....##
#..######.#.....#.
#.................
#######.##.##.####
#########


You could see 2 elephants.

Vanquished Creatures
  Erolcha (D:9)
  A two-headed ogre (D:6)
  Pikel (D:7)
  4 elephants (Lair:1)
  A cane toad (Lair:1)
  Psyche (D:11)
  A troll (D:10)
  A queen bee (D:9)
  Sigmund (D:2)
  2 shadows
  5 wyverns
  17 yaks
  A wraith (D:11)
  A basilisk (Lair:1)
  Edmund (D:6)
  2 acid dragons (D:9)
  10 water moccasins
  2 ice beasts
  3 orc warriors
  A black bear (D:6)
  An ogre (D:5)
  8 wolves
  5 centaurs
  A kobold brigand (D:7)
  3 phantoms
  8 bullfrogs
  2 elf zombies (Ossuary)
  4 scorpions
  24 killer bees (D:9)
  3 electric eels (D:10)
  A howler monkey (D:5)
  7 hounds
  12 orc priests
  2 human zombies (Ossuary)
  4 jellies
  2 gnoll boudas
  Terence (D:3)
  3 iguanas
  A sleepcap (D:4)
  11 orc wizards
  6 hell rats (Lair:1)
  4 mummies (Ossuary)
  7 adders
  11 gnolls
  4 white imps
  2 adder zombies (D:4)
  3 worms
  35 orcs
  7 ball pythons
  9 bats
  10 endoplasms
  7 giant cockroaches
  2 goblins
  7 hobgoblins
  4 jackals (D:1)
  12 kobolds
  6 quokkas
  5 frilled lizards
  3 goblin zombies
  A jackal zombie (Ossuary)
  2 kobold zombies (Ossuary)
  2 orc zombies (Ossuary)
  4 rats
  2 rat zombies
315 creatures vanquished.

Notes
Turn   | Place    | Note
-------+----------+-------------------------------------------
     0 | D:1      | Peloso the Minotaur Fighter began the quest for the Orb.
     0 | D:1      | Reached XP level 1. HP: 19/19 MP: 0/0
   105 | D:1      | Reached XP level 2. HP: 27/27 MP: 1/1
   111 | D:1      | Found Bimposom's Assorted Antiques.
   153 | D:1      | Found Fito Zur's Magic Scroll Shop.
   264 | D:1      | Found Pumolurgh's Jewellery Shop.
   667 | D:1      | Reached XP level 3. HP: 33/33 MP: 2/2
   812 | D:2      | Found a faded altar of an unknown god.
   832 | D:2      | Reached skill level 3 in Long Blades
   916 | D:2      | Noticed Sigmund
   926 | D:2      | Killed Sigmund
   927 | D:2      | Reached skill level 4 in Long Blades
   927 | D:2      | Reached skill level 5 in Armour
   927 | D:2      | Reached skill level 1 in Dodging
   927 | D:2      | Reached XP level 4. HP: 27/41 MP: 3/3
   927 | D:2      | Reached XP level 5. HP: 31/47 MP: 4/4
  1657 | D:2      | Reached XP level 6. HP: 38/53 MP: 5/5
  1846 | D:1      | Bought a scroll labelled VIN KATZUB for 24 gold pieces
  1846 | D:1      | Bought a scroll labelled DONTUBREBUU for 24 gold pieces
  1846 | D:1      | Bought 3 scrolls labelled VIN KATZUB for 72 gold pieces
  1846 | D:1      | Bought an amethyst potion for 21 gold pieces
  1928 | D:3      | Noticed Terence
  1936 | D:3      | Killed Terence
  1937 | D:3      | Reached skill level 5 in Long Blades
  2322 | D:3      | Found Yphelil's Armour Boutique.
  2645 | D:4      | Reached skill level 6 in Long Blades
  2649 | D:4      | Reached XP level 7. HP: 9/60 MP: 6/6
  2734 | D:4      | Reached skill level 5 in Fighting
  3084 | D:4      | Reached skill level 5 in Shields
  3194 | D:4      | Found a basalt altar of Yredelemnul.
  3333 | D:4      | Found a staircase to the Ecumenical Temple.
  3350 | Temple   | Entered the Ecumenical Temple
  3356 | Temple   | Became a worshipper of Warmaster Okawaru
  3460 | D:4      | Found a burning altar of Makhleb.
  3702 | D:1      | Bought 3 scrolls labelled MEBOEJ JOAS for 72 gold pieces
  3806 | D:5      | Entered Level 5 of the Dungeon
  3917 | D:5      | Reached skill level 7 in Long Blades
  3942 | D:5      | Found an ancient bone altar of Kikubaaqudgha.
  3952 | D:5      | Reached XP level 8. HP: 40/70 MP: 7/7
  4070 | D:5      | Reached * piety under Okawaru
  4116 | D:5      | Reached skill level 8 in Long Blades
  4454 | D:6      | Noticed Edmund
  4468 | D:6      | Killed Edmund
  4521 | D:6      | Noticed a two-headed ogre
  4531 | D:6      | Killed a two-headed ogre
  4531 | D:6      | Reached ** piety under Okawaru
  4532 | D:6      | Reached skill level 9 in Long Blades
  4532 | D:6      | Reached XP level 9. HP: 68/78 MP: 5/8
  4747 | D:6      | Found a shimmering blue altar of Sif Muna.
  4764 | D:6      | Reached *** piety under Okawaru
  4766 | D:6      | Found a sparkling altar of Nemelex Xobeh.
  4774 | D:6      | Reached skill level 10 in Long Blades
  4778 | D:6      | Found a glowing golden altar of the Shining One.
  5413 | D:7      | Noticed Pikel
  5435 | D:7      | Killed Pikel
  5435 | D:7      | Reached **** piety under Okawaru
  5436 | D:7      | Reached skill level 11 in Long Blades
  5778 | D:7      | Found an ornate altar of the Wu Jian Council.
  5888 | D:7      | Reached XP level 10. HP: 81/90 MP: 9/9
  6404 | D:8      | Reached ***** piety under Okawaru
  6407 | D:8      | Found a sand-covered staircase.
  6414 | Ossuary  | Entered an ossuary
  6975 | Ossuary  | Identified a scroll of acquirement
  6976 | Ossuary  | Acquired the amulet of Eternal Harmony {Faith Rampage rF+
                  | Will+ Str+2}
  7559 | D:9      | Noticed an obsidian statue
  7573 | D:9      | Reached skill level 12 in Long Blades
  8211 | D:9      | Reached skill level 10 in Armour
  8408 | D:9      | HP: 3/91 [queen bee (14)]
  9121 | D:9      | Reached XP level 11. HP: 70/99 MP: 10/10
  9145 | D:9      | Reached skill level 10 in Fighting
  9315 | D:9      | Noticed Erolcha
  9323 | D:9      | Killed Erolcha
  9324 | D:9      | Reached skill level 1 in Invocations
  9535 | D:10     | Entered Level 10 of the Dungeon
  9544 | D:10     | Found a staircase to the Lair.
  9665 | D:10     | Reached skill level 1 in Evocations
  9679 | D:10     | Reached skill level 13 in Long Blades
 10398 | D:10     | Found a snail-covered altar of Cheibriados.
 10638 | D:10     | Found a portal to a secret trove of treasure.
 10912 | D:1      | Bought a scroll of teleportation for 42 gold pieces
 10912 | D:1      | Bought a scroll of teleportation for 42 gold pieces
 10912 | D:1      | Bought a scroll of fog for 56 gold pieces
 10912 | D:1      | Bought a scroll of enchant weapon for 105 gold pieces
 11096 | D:11     | Noticed Psyche
 11104 | D:11     | Killed Psyche
 11104 | D:11     | Reached ****** piety under Okawaru
 11125 | D:11     | Noticed a boulder beetle
 11433 | Lair:1   | Entered Level 1 of the Lair of Beasts
 11612 | Lair:1   | Found the +6 shillelagh "Devastator" {shatter}
 12011 | Lair:1   | Received a gift from Okawaru
 12315 | Lair:1   | Reached skill level 14 in Long Blades
 12340 | Lair:1   | Slain by an elephant

Illustrated notes

Levels and vault maps discovered:
D:1:      dpeg_arrival_tiny_b, layout_loops_ring, serial_shops, shop, shop,
          shop_statue, dreamdust_wishing_well
D:2:      layout_loops_corners, shapermc_ecumenical_altar_mp_urbaneastern,
          uniq_sigmund
D:3:      layout_basic, serial_shops, shop, uniq_terence
D:4:      layout_loops_corners, lightli_temple_of_fire,
          lemuel_zombie_altar_yredelemnul, minmay_temple_entry_proselytizer
D:5:      layout_basic, kennysheep_mini
D:6:      layout_loops_cross, lemuel_tele_altar, jmf_multi_god_temple,
          minmay_misc_feat_doors, uniq_edmund
D:7:      layout_basic, nzn_wu_jian_contemplation,
          eino_small_chamber_without_monster, uniq_pikel
D:8:      layout_cave_pools, enter_ossuary_4
D:9:      layout_roguey [special_room_bee], minmay_statue_bubble, uniq_erolcha
D:10:     layout_roguey, slow_altar_2, erik_lair_island, enter_trove_6,
          chequers_serial_rivers_micro_a, dk_noncrumbling_2, nrook_mini_vaults
D:11:     layout_long_grid, kennysheep_orc_monster_closet_entryway, uniq_psyche
Temple:   nicolae_temple_bog_church
Lair:1:   dreamdust_cave_troll, layout_regular_city, ebering_ghost_inner_flame

Skill      XL: |  1  2  3  4  5  6  7  8  9 10 11 |
---------------+----------------------------------+-----
Armour         | 4 5 6 7 9 10 12 | 12.0
Fighting       | 4 5 6 8 9 11 | 11.6
Shields        | 4 5 6 8 |  8.6
Long Blades    | 4 6 7 9 11 12 14 | 14.0
Dodging        | 1 2 3 4 |  4.8
Invocations    | 1 |  1.1
Evocations     | 1 |  1.3
Stealth        | |  0.8

Action                     |  1- 3 |  4- 6 |  7- 9 | 10-12 || total
---------------------------+-------+-------+-------+-------++-------
  Melee: Long sword        |    81 |   142 |   307 |   703 ||  1233
         Headbutt          |     6 |    27 |    77 |   177 ||   287
 Invoke: Heroism           |       |       |     1 |     8 ||     9
  Evoke: Wand              |       |       |       |     7 ||     7
    Use: Potion            |     5 |     1 |     1 |     5 ||    12
         Scroll            |       |       |     5 |    16 ||    21
 Armour: Scale mail        |    53 |    19 |       |       ||    72
         Chain mail        |       |    61 |   132 |   371 ||   564
  Dodge: Dodged            |    55 |    74 |    85 |   329 ||   543
  Block: Buckler           |    30 |    38 |    47 |   214 ||   329
